 Dungeon Crawl Stone Soup version 0.26-a0-1079-g3a4175ecf3 (webtiles) character file.

Game seed: 8276414287036484056

239 DerHolg the Skirmisher (level 6, -5/52 HPs)
             Began as a Ghoul Fighter on Dec 14, 2020.
             Killed by divine providence
             ... invoked by an orc priest
              (10 damage)
             ... on level 3 of the Dungeon.
             The game lasted 00:19:14 (3490 turns).

DerHolg the Skirmisher (Ghoul Fighter)              Turns: 3490, Time: 00:19:14

Health: -5/52      AC:  8    Str: 20    XL:     6   Next: 7%
Magic:  5/5        EV:  7    Int:  3    God:
Gold:   96         SH:  9    Dex: 10    Spells: 5/5 levels left

rFire    . . .     SeeInvis .   a - +0 flail
rCold    + . .     Faith    .   c - +0 kite shield
rNeg     + + +     Spirit   .   b - +0 scale mail
rPois    ∞         Reflect  .   (no helmet)
rElec    .         Harm     .   l - +0 cloak
rCorr    .         Rampage  .   (no gloves)
Will     .....                  (no boots)
Stlth    ..........             (no amulet)
HPRegen  0.00/turn              (no ring)
MPRegen  0.09/turn              (no ring)

@: no status effects
A: claws 1, cold resistance 1, negative energy resistance 3, inhibited
regeneration, torment resistance, unbreathing
a: no special abilities


You were on level 3 of the Dungeon.
You visited 1 branch of the dungeon, and saw 3 of its levels.

You collected 96 gold pieces.

Inventory:

Hand Weapons
 a - a +0 flail (weapon)
Missiles
 k - 2 boomerangs (quivered)
Armour
 b - a +0 scale mail (worn)
 c - a +0 kite shield (worn)
 l - a +0 cloak (worn)
Jewellery
 i - an uncursed ring of willpower {unknown}
 j - a +6 ring of intelligence {unknown}
Scrolls
 d - 2 scrolls of identify {unknown}
 e - 2 scrolls of teleportation {unknown}
 f - 2 scrolls of fear {unknown}
 g - a scroll of noise {unknown}
 h - a scroll of immolation {unknown}


   Skills:
 + Level 4.2 Fighting
 * Level 3.6 Maces & Flails
 + Level 1.2 Throwing
 + Level 3.4 Armour
 + Level 3.5 Shields


You had 5 spell levels left.
You didn't know any spells.
Your spell library was empty.

Dungeon Overview and Level Annotations

Branches:
Dungeon (3/15)

Altars:


Innate Abilities, Weirdness & Mutations

You thrive by killing the living.
You are immune to poison.
You have sharp fingernails.
Your flesh is cold resistant. (rC+)
You are immune to negative energy. (rN+++)
You do not regenerate when monsters are visible.
You are immune to unholy pain and torment.
You can survive without breathing.


Message History

The kobold barely misses you.
You completely miss the kobold.
The kobold is moderately wounded.
The kobold hits you but does no damage.
An orc priest comes into view.
You see here a goblin corpse.
The orc priest shouts!
The orc priest calls down the wrath of Beogh upon you.
Beogh smites you!
The orc priest casts a cantrip, but nothing happens.
The orc priest mumbles some strange prayers to Beogh against you.
Beogh smites you!
* * * LOW HITPOINT WARNING * * *
You hear a shout!
You hear an angry hiss.
The goblin hits you with a +0 club.
* * * LOW HITPOINT WARNING * * *
The orc priest calls down the wrath of Beogh upon you.
Beogh smites you!
You die...

#.##...## ##...##
#########.###.## ##o##
#..........##.# #.#
###..........[).# o.#
.##..........##.# .#
!##..........##o##
.##......)..##...##
..###...##.##..K..#####.
..##.>#.##.##..#@.......
.....##.##.##..g..#####.
......#.##)###...#######
.####...##<# ######....#
.# ##..##.# ###..##.# .#
#####.#####.......#
.#####..[.........######
...(...###.####..##
..###### #......##


You could see an orc priest, a goblin and a kobold.

Vanquished Creatures
  An orc wizard (D:3)
  An orc priest (D:3)
  Jessica (D:2)
  A gnoll (D:1)
  4 adders
  An ooze (D:1)
  3 worms (D:3)
  2 dart slugs (D:1)
  A leopard gecko (D:1)
  14 orcs
  3 ball pythons
  4 bats
  4 giant cockroaches
  8 goblins
  11 hobgoblins
  7 kobolds
  7 frilled lizards
  8 rats
81 creatures vanquished.

Notes
Turn   | Place    | Note
-------+----------+-------------------------------------------
     0 | D:1      | DerHolg the Ghoul Fighter began the quest for the Orb.
     0 | D:1      | Reached XP level 1. HP: 19/19 MP: 0/0
   244 | D:1      | Reached XP level 2. HP: 26/26 MP: 1/1
   488 | D:1      | Reached XP level 3. HP: 31/31 MP: 2/2
  1118 | D:2      | Reached XP level 4. HP: 40/40 MP: 3/3
  1137 | D:2      | Found a faded altar of an unknown god.
  1932 | D:2      | Noticed Jessica
  1941 | D:2      | Killed Jessica
  2068 | D:3      | Reached XP level 5. HP: 44/46 MP: 4/4
  2265 | D:2      | Reached skill level 4 in Fighting
  2614 | D:3      | Reached skill level 1 in Throwing
  3464 | D:3      | Reached XP level 6. HP: 32/52 MP: 5/5
  3490 | D:3      | Killed from afar by an orc priest

Illustrated notes

Levels and vault maps discovered:
D:1:      evilmike_arrival_hilbert_curve, layout_loops_cross, chequers_garden,
          minmay_pentomino_s2
D:2:      wad_lake_hut, layout_loops_ring, chequers_ecumenical_altar_simple,
          minmay_misc_feat_doors, minmay_misc_feat_more_columns,
          minmay_strange_pillars, hangedman_decor_points, uniq_jessica
D:3:      minmay_octagon_keep, layout_rooms, hangedman_decor_diamond_cutter,
          grunt_qazlal_clouds

Skill      XL: |  1  2  3  4  5 |
---------------+----------------+-----
Maces & Flails | 2 3 |  3.6
Shields        | 3 |  3.5
Armour         | 3 |  3.4
Fighting       | 4 |  4.2
Throwing       | 1 |  1.2

Action                   |  1- 3 |  4- 6 || total
-------------------------+-------+-------++-------
Melee: Flail             |    90 |   194 ||   284
Throw: Boomerang         |       |    13 ||    13
Armor: Scale mail        |    36 |    68 ||   104
Dodge: Dodged            |    16 |    51 ||    67
Block: Kite shield       |    38 |    86 ||   124

Table legend: (Time is in decaauts)
 A = Elapsed time spent in this place.
 B = Non-inter-level travel time spent in this place.
 C = Inter-level travel time spent in this place.
 D = Time resting spent in this place.
 E = Time spent auto-exploring this place.
 F = Levels seen in this place.
 G = Mean time per level.
                   A        B        C        D        E       F      G
               +--------+--------+--------+--------+--------+-----+--------+
         Total |   3642 |   3565 |     77 |    745 |   1887 |   3 | 1214.0 |
       Dungeon |   3642 |   3565 |     77 |    745 |   1887 |   3 | 1214.0 |
               +--------+--------+--------+--------+--------+-----+--------+

Top non-repeatable levels by time:
     D:2: 1777 daAuts
     D:1: 957 daAuts
     D:3: 906 daAuts
